 Dungeon Crawl Stone Soup version 0.31-a0-7-g51783674b7 (webtiles) character file.

Game seed: 1884412314414427489

156 cheesebisquit the Chiller (level 5, -6/34 (35) HPs)
             Began as a Merfolk Ice Elementalist on May 5, 2023.
             Mangled by a gnoll
             ... wielding a +0 halberd
              (11 damage)
             ... on level 4 of the Dungeon.
             The game lasted 00:07:48 (3357 turns).

cheesebisquit the Chiller (MfIE)                    Turns: 3357, Time: 00:07:49

HP:   -6/34 (35)    AC:  2    Str:  9    XL:     5   Next: 38%
MP:   3/8           EV: 13    Int: 16    God:
Gold: 137           SH:  0    Dex: 20    Spells: 7/8 levels left

rFire   . . .        q - +1 whip (venom)
rCold   + . .        (no shield)
rNeg    . . .        a - +0 robe
rPois   .            (no helmet)
rElec   .            (no cloak)
rCorr   .            (no gloves)
SInv    .            (no boots)
Will    .....        (no amulet)
Stlth   ++           d - ring of protection from cold
HPRegen 0.25/turn    l - +6 ring of dexterity
MPRegen 0.11/turn

%: no passive effects
@: lightly drained
A: (nimble swimmer 2), mertail
a: no special abilities


You were on level 4 of the Dungeon.
You visited 1 branch of the dungeon, and saw 4 of its levels.

You collected 137 gold pieces.

Inventory:

Hand Weapons
 q - a +1 whip of venom (weapon)
Missiles
 g - a throwing net
 h - 8 poisoned darts
Armour
 a - a +0 robe (worn)
Jewellery
 d - a ring of protection from cold (left hand)
 f - a ring of fire
 l - a +6 ring of dexterity (right hand)
 u - a ring of see invisible
Scrolls
 c - a scroll of fog {unknown}
 i - a scroll of immolation {unknown}
 j - a scroll of enchant armour {unknown}
 m - a scroll of brand weapon {unknown}
 p - a scroll of poison {unknown}
 s - a scroll of teleportation {unknown}
 t - a scroll of silence {unknown}
 v - a scroll of magic mapping {unknown}
Potions
 b - 3 potions of magic
 e - 4 potions of curing
 k - 3 potions of lignification
 n - a potion of mutation
 o - a potion of berserk rage
 r - a potion of brilliance {unknown}


   Skills:
 - Level 2.6 Dodging
 - Level 2.1 Stealth
 - Level 2.0 Spellcasting
 + Level 7.1 Ice Magic


You had 7 spell levels left.
You knew the following spells:

 Your Spells              Type           Power      Damage    Failure   Level
a - Freeze                Ice            96%        1d10      1%          1

Your spell library contained the following spells:

 Spells                   Type           Power      Damage    Failure   Level
 Frozen Ramparts          Ice            48%        1d8       3%          3
 Ozocubu's Armour         Ice            24%        N/A       3%          3
 Hailstorm                Conj/Ice       13%        3d5       14%         3
 Poisonous Vapours        Pois/Air       2%         N/A       30%         2
 Summon Ice Beast         Ice/Summ       13%        N/A       43%         4
 Mephitic Cloud           Conj/Pois/Air  1%         N/A       52%         3
 Vhi's Electric Charge    Tloc/Air       2%         N/A       52%         3
 Freezing Cloud           Conj/Ice/Air   4%         6-21      91%         5
 Arcjolt                  Conj/Air       0%         1d10      99%         5
 Plasma Beam              Fire/Air       0%         2x1d11    100%        6


Dungeon Overview and Level Annotations

Branches:
Dungeon (4/15)
 Temple: D:4-7

Altars:


Innate Abilities, Weirdness & Mutations

((You are very nimble when in or above water. (Stealth+, EV+, Speed+++)))
Your lower body shifts to a powerful aquatic tail in water.


Message History

You are no longer poisoned.
Magic restored.
HP restored.
v - a scroll labelled INNYIR ZENEISK As you open the door, it creaks loudly!
There is an open door here.
As you open the door, it creaks loudly!
There is an open door here.
A goblin and a gnoll come into view.
The goblin shouts!
The gnoll shouts!
There is a stone staircase leading up here.
A gnoll comes into view. It is wielding a +1 whip of draining.
A gnoll comes into view. It is wielding a +0 halberd.
The gnoll barely misses you.
You freeze the goblin.
You kill the goblin!
The gnoll shouts! x2
The gnoll hits you but does no damage. The gnoll hits you with a +0 spear.
You freeze the gnoll!
The gnoll is heavily wounded.
The gnoll hits you with a +0 spear.
You freeze the gnoll.
The gnoll is severely wounded.
The gnoll closely misses you.
You freeze the gnoll!
You kill the gnoll!
The gnoll barely misses you.
The gnoll hits you from afar with a +0 halberd.
You freeze the gnoll.
The gnoll is moderately wounded.
The gnoll hits you from afar with a +0 halberd.
The gnoll hits you with a +1 whip of draining!
* * * LOW HITPOINT WARNING * * *
You feel drained.
* * * LOW HITPOINT WARNING * * *
There is a stone staircase leading up here.
The gnoll closely misses you.
The gnoll hits you from afar with a +0 halberd!
You die...

###############
#......'......#
#.>....#......#
#.....##......#
#.....##..##..#
#.....##'######
#..........#
#..........#
#.@...)....#
#.)g...#..##
#..g...####
#.....##
#..........#
#..##......# #+
#......#
#......#
#......#


You could see 2 gnolls.

Vanquished Creatures
  Jessica (D:2)
  A gnoll (D:4)
  6 adders
  A worm (D:2)
  3 dart slugs
  4 orcs (D:3)
  2 ball pythons
  4 bats
  2 endoplasms (D:3)
  3 giant cockroaches
  5 hobgoblins
  10 kobolds
  2 quokkas
  A frilled lizard (D:3)
  4 goblins
  11 rats
60 creatures vanquished.

Vanquished Creatures (others)
  6 plants (D:1)
6 creatures vanquished.

Grand Total: 66 creatures vanquished

Notes
Turn   | Place    | Note
-------+----------+-------------------------------------------
     0 | D:1      | cheesebisquit the Merfolk Ice Elementalist began the quest
                  | for the Orb.
     0 | D:1      | Reached XP level 1. HP: 13/13 MP: 3/3
   200 | D:1      | Reached XP level 2. HP: 19/19 MP: 1/5
   336 | D:1      | Reached skill level 5 in Ice Magic
   534 | D:1      | Found a faded altar of an unknown god.
   805 | D:1      | Reached XP level 3. HP: 24/24 MP: 4/6
  1184 | D:2      | Noticed Jessica
  1188 | D:2      | Killed Jessica
  1190 | D:2      | Reached skill level 6 in Ice Magic
  1273 | D:2      | Reached XP level 4. HP: 22/30 MP: 3/7
  2023 | D:2      | You fall into a shaft and drop 1 floor!
  2325 | D:3      | Reached XP level 5. HP: 30/35 MP: 3/8
  2732 | D:3      | Reached skill level 7 in Ice Magic
  3357 | D:4      | Mangled by a gnoll

Illustrated notes

Levels and vault maps discovered:
D:1:      psy_arrival_spokes, layout_basic,
          hellmonk_ecumenical_altar_heavens_door, serial_bayou,
          serial_bayou_pond_c, serial_bayou_lagoon_a, serial_bayou_pond_e,
          serial_bayou_pond_a, hangedman_decor_peaks_small,
          minmay_rat_gold_closets
D:2:      layout_loops_corners, minmay_tromino_i4, uniq_jessica
D:3:      layout_basic, portal_sewer_entry_e
D:4:      layout_gridville, gammafunk_temple_overflow_claw, serial_shops, shop,
          minmay_misc_feat_square, uniq_ijyb, uniq_edmund,
          uniq_crazy_yiuf_cottage

Skill      XL: |  1  2  3  4  5 |
---------------+----------------+-----
Ice Magic      | 5 6 7 |  7.1
Dodging        | |  2.6
Stealth        | |  2.1
Spellcasting   | |  2.0

Action                     |  1- 3 |  4- 6 || total
---------------------------+-------+-------++-------
  Melee: Dagger            |     4 |     1 ||     5
         Whip              |       |     1 ||     1
   Cast: Freeze            |    36 |    56 ||    92
    Use: Scroll            |       |     4 ||     4
 Armour: Robe              |     2 |     2 ||     4
  Dodge: Dodged            |    20 |    23 ||    43

Table legend: (Time is in decaauts)
 A = Elapsed time spent in this place.
 B = Non-inter-level travel time spent in this place.
 C = Inter-level travel time spent in this place.
 D = Time resting spent in this place.
 E = Time spent auto-exploring this place.
 F = Levels seen in this place.
 G = Mean time per level.
                   A        B        C        D        E       F      G
               +--------+--------+--------+--------+--------+-----+--------+
         Total |   3340 |   3248 |     92 |      0 |   2856 |   4 |  835.0 |
       Dungeon |   3340 |   3248 |     92 |      0 |   2856 |   4 |  835.0 |
               +--------+--------+--------+--------+--------+-----+--------+

Top non-repeatable levels by time:
     D:1: 1099 daAuts
     D:3: 1085 daAuts
     D:2: 1052 daAuts
     D:4: 102 daAuts
